 Dungeon Crawl Stone Soup version 0.25-a0-700-g7f8a7979f0 (webtiles) character file.

Game seed: 3338575956267277327, levelgen mode: deterministic

0 Esekla the Skirmisher (level 1, -23/18 HPs)
             Began as a Gnoll Abyssal Knight on Apr 2, 2020.
             Was a Follower of Lugonu.
             Annihilated by a large abomination (33 damage)
             ... on level 1 of the Abyss.
             The game lasted 00:00:44 (57 turns).

Esekla the Skirmisher (Gnoll Abyssal Knight)          Turns: 57, Time: 00:00:44

Health: -23/18     AC:  3    Str: 14    XL:     1   Next: 0%
Magic:  3/3        EV: 12    Int: 14    God:    Lugonu [*.....]
Gold:   22         SH:  0    Dex: 14    Spells: 0/0 levels left

rFire    . . .     SeeInvis .   a - +1 falchion
rCold    . . .     Gourm    .   (no shield)
rNeg     . . .     Faith    .   b - +0 leather armour
rPois    .         Spirit   .   (no helmet)
rElec    .         Reflect  .   (no cloak)
rCorr    .         Harm     .   (no gloves)
MR       .....                  (no boots)
Stlth    +.........             (no amulet)
HPRegen  0.06/turn              (no ring)
MPRegen  0.08/turn              (no ring)

@: no status effects
A: distributed training, fangs 1, [frail 2], [no potion heal 2], strong nose
a: Depart the Abyss, Renounce Religion


You were on level 1 of the Abyss.
You worshipped Lugonu.
Lugonu was aware of your devotion.
You were not hungry.

You visited 0 branches of the dungeon, and saw 0 of its levels.
You visited the Abyss 1 time.

You collected 22 gold pieces.

Inventory:

Hand Weapons
 a - a +1 falchion (weapon)
Missiles
 e - 7 poisoned darts (quivered)
Armour
 b - a +0 leather armour (worn)
Potions
 d - a potion of lignification {unknown}
Comestibles
 c - 2 rations


   Skills:
 + Level 6.4 Fighting
 + Level 0.0 Short Blades
 + Level 4.4 Long Blades
 + Level 0.0 Axes
 + Level 0.0 Maces & Flails
 + Level 0.0 Polearms
 + Level 0.0 Staves
 + Level 0.0 Slings
 + Level 0.0 Bows
 + Level 0.0 Crossbows
 + Level 0.0 Throwing
 + Level 4.4 Armour
 + Level 2.3 Dodging
 + Level 0.0 Stealth
 + Level 0.0 Shields
 + Level 0.0 Unarmed Combat
 + Level 0.0 Spellcasting
 + Level 0.0 Conjurations
 + Level 0.0 Hexes
 + Level 0.0 Charms
 + Level 0.0 Summonings
 + Level 0.0 Necromancy
 + Level 0.0 Translocations
 + Level 0.0 Transmutations
 + Level 0.0 Fire Magic
 + Level 0.0 Ice Magic
 + Level 0.0 Air Magic
 + Level 0.0 Earth Magic
 + Level 0.0 Poison Magic
 + Level 4.4 Invocations
 + Level 0.0 Evocations


You couldn't memorise any spells.
You didn't know any spells.
Your spell library was empty.

Dungeon Overview and Level Annotations

Branches:
Dungeon (0/15)

Altars:


Innate Abilities, Weirdness & Mutations

Your experience applies equally to all skills.
You have very sharp teeth.
Your uncanny sense of smell can sniff out nearby items.
[You are very frail. (-20% HP)]
[Potions are poor at restoring your health.]


Message History

The ufetubus closely misses you. The ufetubus hits you. The ufetubus hits you.
The ufetubus closely misses you. The ufetubus hits you.
The ufetubus hits you but does no damage.
Tentacles burst from the starspawn's body! 2 starspawn tentacles come into view.
The wretched star pulses with an eldritch light!
Your system partially rejects the healing effects of potions.
Your system mostly rejects the healing effects of potions.
The starspawn tentacle misses you.
You riposte.
You hit the starspawn tentacle but do no damage.
The ufetubus closely misses you. x2; The starspawn tentacle grabs you.
The starspawn tentacle constricts you.
The starspawn tentacle loses its grip on you.
The tentacle pulls you backwards! The ufetubus closely misses you. x4
There is a gateway leading out of the Abyss here.
The large abomination hits you!!
Ouch! That really hurt!
You die...

.#.# #. . ... #.#
... .. ..# .. #..#.
#.#..#. §#....
...... #.#..
...###..#
#..#...####
#@5#│..#..# ..
##X.│...#.#.# # #
##X*###...# .
...####......##.....
###. #....##.#....#
##.## .
#..##.##.#.#...# # .
. .# .#....#...#
....###.# ......#
#.# ..#
#.#.#....#.#.. #..


You could see a tentacled starspawn, a wretched star, a large abomination and an
ufetubus.

Vanquished Creatures (others)
  A starspawn tentacle (Abyss:1)
1 creature vanquished.

Notes
Turn   | Place    | Note
-------+----------+-------------------------------------------
     0 | Abyss:1  | Esekla the Gnoll Abyssal Knight began the quest for the
                  | Orb.
     0 | Abyss:1  | Reached XP level 1. HP: 23/23 MP: 3/3
     4 | Abyss:1  | Found a bloodstained altar of Trog.
    36 | Abyss:1  | Noticed a large abomination
    39 | Abyss:1  | Noticed a tentacled starspawn
    45 | Abyss:1  | Noticed a wretched star
    57 | Abyss:1  | Annihilated by a large abomination

Levels and vault maps discovered:
Abyss:1

Action                   || total
-------------------------++-------
Armor: Leather armour    ||     5
Dodge: Dodged            ||    17
       Rpst.: Falchion   ||     1

Table legend:
 A = Non-vault XP
 B = Vault XP
 C = Vault XP percentage of total XP
 D = Non-vault monster count
 E = Vault monster count
 F = Vault count percentage of total count
                 A         B        C        D         E       F
            +---------+---------+-------+---------+---------+-------
      Total |       0 |       0 |   N/A |       0 |       0 |  -nan
            +---------+---------+-------+---------+---------+-------
            +---------+---------+-------+---------+---------+-------
